 Dungeon Crawl Stone Soup version 0.31.0-7-gf635a9b802 (webtiles) character file.

Game seed: 10430102197003496040

294 Arcadio the Sneak (level 6, 0/42 HPs)
             Began as an Octopode Brigand on Jan 23, 2024.
             Slain by a hound (3 damage)
             ... on level 3 of the Dungeon.
             The game lasted 00:02:56 (1636 turns).

Arcadio the Sneak (Octopode Brigand)                Turns: 1636, Time: 00:02:57

Health: 0/42       AC:  1    Str: 11    XL:     6   Next: 34%
Magic:  6/6        EV: 14    Int: 19    God:
Gold:   91         SH:  0    Dex: 21    Spells: 5/5 levels left

rFire   . . .        a - +2 dagger
rCold   . . .        (no shield)
rNeg    . . .        (helmet restricted)
rPois   .            (no amulet)
rElec   .            e - +6 ring of dexterity
rCorr   .            n - +6 ring of intelligence
SInv    .            (no ring)
Will    .....        (no ring)
Stlth   +++++        (no ring)
HPRegen 0.27/turn    (no ring)
MPRegen 0.10/turn    (no ring)
                     (no ring)

%: no passive effects
@: no status effects
A: almost no armour, amphibious, 8 rings, camouflage 1, gelatinous body 1,
(nimble swimmer 1), tentacles
a: no special abilities


You were on level 3 of the Dungeon.
You visited 1 branch of the dungeon, and saw 3 of its levels.

You collected 91 gold pieces.

Inventory:

Hand Weapons
 a - a +2 dagger (weapon)
 k - a +0 dagger of draining
Missiles
 b - 9 poisoned darts (quivered)
 c - 3 curare-tipped darts
Jewellery
 e - a +6 ring of dexterity (left tentacle)
 n - a +6 ring of intelligence (right tentacle)
Scrolls
 d - 2 scrolls of teleportation
 f - a scroll of noise
 g - a scroll of blinking {unknown}
 j - a scroll of fog {unknown}
 m - a scroll of amnesia {unknown}
 o - a scroll of identify {unknown}
Potions
 h - a potion of heal wounds {unknown}
 i - a potion of brilliance {unknown}
 l - a potion of cancellation {unknown}
 p - a potion of mutation {unknown}


   Skills:
 + Level 3.5 Fighting
 + Level 3.7 Short Blades
 - Level 2.0 Throwing
 + Level 3.0 Dodging
 + Level 6.9 Stealth


You had 5 spell levels left.
You didn't know any spells.
Your spell library was empty.

Dungeon Overview and Level Annotations

Branches:
Dungeon (3/15)

Altars:
Makhleb


Innate Abilities, Weirdness & Mutations

You cannot wear most types of armour.
You are amphibious.
You can wear up to eight rings at the same time.
Your skin changes colour to match your surroundings (Stealth+).
Your rubbery body absorbs attacks. (AC +1, EV +1)
((You are camouflaged when in or above water. (Stealth+)))
You have tentacles for arms and can constrict up to eight enemies at once.


Message History

The orc wizard is wielding a +2 dagger of draining.
An orc priest comes into view. It is wielding a +0 hand axe.
The orc shouts!
A hound comes into view.
The orc throws a boomerang.
The boomerang barely misses you.
The hound barks!
The orc wizard shouts!
The orc shouts! x2
The orc wizard casts a spell at you.
You are confused.
The orc priest shouts!
The hound bites you.
You bump into the rock wall.
The hound barely misses you. The hound attacks as it pursues you!
The hound bites you. x2
The orc priest calls down the wrath of Beogh upon you.
Beogh smites you!
You hit the hound. You squeeze the hound.
The hound is moderately wounded.
The hound bites you.
You hit the hound but do no damage. Your squeeze misses the hound.
The hound is moderately wounded.
You feel less confused. The hound bites you but does no damage.
Okay, then.
The hound attacks as it pursues you! The hound closely misses you.
The hound bites you.
The orc wizard gestures wildly while chanting.
The orc wizard flickers and vanishes!
Deactivating autopickup; reactivate with Ctrl-A.
The hound attacks as it pursues you! The hound bites you.
The orc priest mumbles some strange prayers to Beogh against you.
Beogh smites you!
* * * LOW HITPOINT WARNING * * *
The hound closely misses you. The hound attacks as it pursues you!
The hound bites you.
* * * LOW HITPOINT WARNING * * *
The hound attacks as it pursues you! The hound bites you.
* * * LOW HITPOINT WARNING * * *
The orc priest looks braver for a moment.
The hound bites you.
You die...

###.#.# #.#.# #.#.#
..#o###### ###
###o##...# ....
#.##.#.### .....
#..#.#...#
.....####h#.###.#
#########.....@....#.#
##...
........###..<..#
#.._.
###.##.#.#....####
#... #.........#.##.#
#..# ..#.......#.##.#
...##.##.#.....#.##.#
#..#..##.#####.#..#.#
#..).###.# #.##.#.#
....#....#####....#.#


You could see a hound, an orc priest and an orc.

Vanquished Creatures
  Sigmund (D:2)
  A bombardier beetle (D:3)
  An iguana (D:3)
  2 adders (D:2)
  5 bats (D:1)
  An endoplasm (D:1)
  A giant cockroach (D:2)
  2 goblins
  6 hobgoblins
  4 jackals (D:1)
  3 quokkas (D:1)
  4 ball pythons
  4 frilled lizards (D:1)
  4 kobolds
  8 rats
47 creatures vanquished.

Notes
Turn   | Place    | Note
-------+----------+-------------------------------------------
     0 | D:1      | Arcadio the Octopode Brigand began the quest for the Orb.
     0 | D:1      | Reached XP level 1. HP: 14/14 MP: 1/1
    83 | D:1      | Reached XP level 2. HP: 9/19 MP: 2/2
   494 | D:1      | Found a faded altar of an unknown god.
   604 | D:1      | Reached XP level 3. HP: 25/25 MP: 3/3
   975 | D:2      | Noticed Sigmund
   977 | D:2      | Killed Sigmund
   978 | D:2      | Reached skill level 6 in Stealth
   978 | D:2      | Reached XP level 4. HP: 31/31 MP: 4/4
   978 | D:2      | Reached XP level 5. HP: 36/36 MP: 5/5
  1149 | D:2      | Reached XP level 6. HP: 36/42 MP: 6/6
  1555 | D:3      | Found a burning altar of Makhleb.
  1636 | D:3      | Slain by a hound

Illustrated notes

Levels and vault maps discovered:
D:1:      dpeg_arrival_tiny_i, layout_basic, shapermc_ecumenical_altar_petra
D:2:      layout_basic, uniq_sigmund
D:3:      layout_basic, bloody_makhleb, nzn_wu_jian_council_hall

Skill      XL: |  1  2  3  4  5  6 |
---------------+-------------------+-----
Fighting       | 3 |  3.5
Short Blades   | 3 |  3.7
Dodging        | 2 3 |  3.0
Stealth        | 6 |  6.9
Throwing       | |  2.0

Action                     |  1- 3 |  4- 6 || total
---------------------------+-------+-------++-------
  Melee: Dagger            |    47 |    22 ||    69
         Constrict         |     9 |     4 ||    13
         Tentacles         |     3 |     4 ||     7
    Use: Scroll            |       |     2 ||     2
   Stab: Sleeping          |    19 |     6 ||    25
 Armour: Skin              |    15 |    16 ||    31
  Dodge: Dodged            |    16 |    11 ||    27
